 Dungeon Crawl Stone Soup version 0.27.0-1-g7a089689b8 (webtiles) character file.

Game seed: 13010355582704839779

149 willcat the Sneak (level 5, -3/41 HPs)
             Began as a Mummy Delver on Aug 13, 2021.
             Splashed by a jelly's acid (6 damage)
             ... on level 6 of the Dungeon.
             The game lasted 00:01:39 (830 turns).

willcat the Sneak (Mummy Delver)                     Turns: 830, Time: 00:01:40

Health: -3/41      AC: -1    Str: 17    XL:     5   Next: 9%
Magic:  5/5        EV: 11    Int:  9    God:
Gold:   31         SH:  0    Dex: 13    Spells: 4/4 levels left

rFire    x . .     SeeInvis .   a - +0 spear
rCold    + . .     Faith    .   (no shield)
rNeg     + + +     Spirit   .   b - +0 leather armour
rPois    ∞         Reflect  .   (no helmet)
rElec    .         Harm     .   (no cloak)
rCorr    .         Rampage  .   (no gloves)
Will     .....                  (no boots)
Stlth    ++........             (no amulet)
HPRegen  0.13/turn              (no ring)
MPRegen  0.09/turn              (no ring)

@: corroded
A: cold resistance 1, negative energy resistance 3, torment resistance 2, heat
vulnerability 1, no potions
a: no special abilities


You were on level 6 of the Dungeon.
You visited 1 branch of the dungeon, and saw 2 of its levels.

You collected 31 gold pieces.

Inventory:

Hand Weapons
 a - a +0 spear (weapon)
Armour
 b - a +0 leather armour (worn)
Wands
 f - a wand of digging (3)
 k - a wand of charming (9)
Scrolls
 c - a scroll of fog
 d - a scroll of magic mapping
 e - a scroll of fear
 h - a scroll of enchant weapon {unknown}
 i - 2 scrolls of silence {unknown}
 j - a scroll of teleportation {unknown}


   Skills:
 - Level 3.0 Fighting
 + Level 3.2 Polearms
 + Level 2.6 Throwing
 - Level 1.5 Dodging
 - Level 4.1 Stealth


You had 4 spell levels left.
You didn't know any spells.
Your spell library was empty.

Dungeon Overview and Level Annotations

Branches:
Dungeon (6/15)
 Temple: D:4-7

Altars:


Innate Abilities, Weirdness & Mutations

You are immune to poison.
Your flesh is cold resistant. (rC+)
You are immune to negative energy. (rN+++)
You are immune to unholy pain and torment.
You are vulnerable to heat. (rF-)
You do not drink.


Message History

The poisoned dart hits the jelly.
The jelly is lightly wounded.
Throw: dart (poison)
Press: ? - help, Q - select action, (/) - cycle Shift-Dir - straight line, f/p - jelly
Aim: a jelly (moderately wounded, very poisoned, 89% to hit)
You throw a poisoned dart.
The poisoned dart closely misses the kobold.
The poisoned dart hits the jelly.
The jelly is moderately wounded.
The kobold barely misses you.
The kobold brigand hits you but does no damage.
The kobold brigand throws a poisoned dart.
The poisoned dart barely misses you.
Unknown command.
You reach to attack!
You hit the jelly.
The jelly is heavily wounded.
You hit the jelly.
Your hands burn!
The jelly is heavily wounded.
The jelly hits you but does no damage.
You barely miss the jelly.
The jelly is heavily wounded.
The jelly hits you.
You are splashed with acid!
You hit the jelly.
Your hands burn!
The jelly is heavily wounded.
The kobold brigand barely misses you. The jelly hits you.
You are splashed with acid!
The kobold hits you with a +0 short sword.
* * * LOW HITPOINT WARNING * * *
The kobold brigand hits you with a +0 club!
* * * LOW HITPOINT WARNING * * *
Found 4 arrows.
The kobold brigand throws a poisoned dart.
The poisoned dart closely misses you.
The jelly looks more healthy.
There is a stone staircase leading up here.
You can't drink.
You open the door. The jelly hits you.
* * * LOW HITPOINT WARNING * * *
The acid corrodes you!
You are splashed with acid.
You die...

#.........#
#.........#
#.........# ...
#.........# ....#
#.........# ....#
#.........# ....#
#.........#
....#######...KJ@...#
###....<.....K###'###
..#.........K.# ..#
..#...........# ..#
..............# ..#
..#...........# ..#
#.#...........# ..#
#.##############...#
....(............


You could see a kobold brigand, a jelly and a kobold.

Vanquished Creatures
  A scorpion (D:5)
  A hound (D:6)
  An iguana (D:6)
  3 gnolls (D:6)
  An adder (D:5)
  A kobold (D:6)
8 creatures vanquished.

Notes
Turn   | Place    | Note
-------+----------+-------------------------------------------
     0 | D:5      | willcat the Mummy Delver began the quest for the Orb.
     0 | D:5      | Reached XP level 1. HP: 18/18 MP: 1/1
     9 | D:5      | Noticed a scorpion
    18 | D:5      | Killed a scorpion
    19 | D:5      | Reached skill level 1 in Throwing
    19 | D:5      | Reached XP level 2. HP: 12/24 MP: 2/2
    19 | D:5      | Reached XP level 3. HP: 14/29 MP: 3/3
   267 | D:6      | Reached XP level 4. HP: 27/35 MP: 4/4
   561 | D:6      | Reached XP level 5. HP: 33/41 MP: 5/5
   830 | D:6      | Splashed by a jelly's acid

Illustrated notes

Levels and vault maps discovered:
D:5:      layout_basic, temple_hall, uniq_edmund
D:6:      layout_gridville

Skill      XL: |  1  2  3  4 |
---------------+-------------+-----
Polearms       | 2 3 |  3.2
Throwing       | 1 2 |  2.6
Fighting       | |  3.0
Dodging        | |  1.5
Stealth        | |  4.1

Action                   |  1- 3 |  4- 6 || total
-------------------------+-------+-------++-------
Melee: Spear             |    10 |    16 ||    26
Throw: Dart              |    11 |    22 ||    33
Armor: Leather armour    |     5 |     6 ||    11
Dodge: Dodged            |     6 |    14 ||    20
